 Dungeon Crawl Stone Soup version 0.31-a0-596-g831eee08f1 (webtiles) character file.

Game seed: 5911967033973566628

287 Babbit the Chopper (level 6, -14/53 HPs)
             Began as a Minotaur Fighter on Aug 20, 2023.
             Killed by divine providence
             ... invoked by an orc priest
              (15 damage)
             ... on level 4 of the Dungeon.
             The game lasted 00:07:56 (2248 turns).

Babbit the Chopper (Minotaur Fighter)               Turns: 2248, Time: 00:07:58

Health: -14/53     AC: 17    Str: 22    XL:     6   Next: 8%
Magic:  0/0        EV:  8    Int:  5    God:
Gold:   145        SH:  4    Dex: 10    Spells: 5/5 levels left

rFire   . . .        a - +0 war axe
rCold   + + .        c - +0 buckler
rNeg    . . .        o - +7 chain mail of Puipih {rC++ rCorr MP-9}
rPois   .            (helmet restricted)
rElec   .            (no cloak)
rCorr   +            h - +0 pair of gloves
SInv    .            (no boots)
Will    .....        (no amulet) Stlth
                     (no ring)
HPRegen 0.28/turn    (no ring)
MPRegen 0.07/turn

%: no passive effects
@: hasted, very quick
A: horns 2, retaliatory headbutt
a: no special abilities


You were on level 4 of the Dungeon.
You visited 1 branch of the dungeon, and saw 4 of its levels.

You collected 145 gold pieces.

Inventory:

Hand Weapons
 a - a +0 war axe (weapon)
Armour
 c - a +0 buckler (worn)
 h - a +0 pair of gloves (worn)
 o - the +7 chain mail of Puipih (worn) {rC++ rCorr MP-9}
   (You found it on level 3 of the Dungeon)

   rC++:      It greatly protects you from cold.
   MP-9:      It affects your magic capacity (-9).
   rCorr:     It protects you from acid and corrosion.
Scrolls
 b - 2 scrolls of immolation
 e - 2 scrolls of identify
 f - 2 scrolls of poison
 g - a scroll of revelation
 j - a scroll of enchant armour {unknown}
 k - a scroll of teleportation
 n - a scroll of noise {unknown}
Potions
 d - a potion of might
 i - a potion of magic {unknown}
 l - a potion of haste
 m - a potion of brilliance {unknown}


   Skills:
 + Level 4.5 Fighting
 + Level 5.8 Axes
 + Level 4.6 Armour
 + Level 0.3 Dodging
 + Level 0.1 Stealth
 + Level 4.7 Shields


You had 5 spell levels left.
You didn't know any spells.
Your spell library contained the following spells:

 Spells                   Type           Power      Damage    Failure   Level
 Shock                    Conj/Air       0%         1d3       99%         1
 Swiftness                Air            0%         N/A       100%        3
 Airstrike                Air            0%         2d(0-16)  100%        4
 Animate Dead             Necr           0%         N/A       100%        4
 Leda's Liquefaction      Hex/Erth       0%         N/A       100%        4
 Borgnjor's Vile Clutch   Necr/Erth      0%         N/A       100%        5
 Lee's Rapid Deconstruct  Erth           0%         3d4*      100%        5
 Death Channel            Necr           0%         N/A       100%        6
 Leda's Unmaking          Conj/Erth      0%         9d1       100%        6
 Haunt                    Necr/Summ      0%         N/A       100%        7
 Borgnjor's Revivificati  Necr           0%         N/A       100%        8
 Death's Door             Necr           0%         N/A       100%        9


Dungeon Overview and Level Annotations

Branches:
Dungeon (4/15)
 Temple: D:4-7

Altars:

Shops:
D:2 (


Innate Abilities, Weirdness & Mutations

You have a pair of horns on your head.
You reflexively headbutt those who attack you in melee.


Message History

You barely miss the iguana. You closely miss the orc.
The orc hits you but does no damage. The iguana barely misses you.
The orc hits you but does no damage.
You hit the orc.
You kill the orc!
You closely miss the iguana. You slash the orc!
You kill the orc!
The iguana barely misses you.
You barely miss the orc priest. Your headbutt misses the orc priest.
You hit the iguana but do no damage. You barely miss the endoplasm.
You block the endoplasm's attack.
The orc priest mumbles some strange prayers to Beogh against you.
Beogh smites you!
* * * LOW HITPOINT WARNING * * *
The iguana barely misses you.
Okay, then.
It was a potion of haste.
You feel yourself speed up. The endoplasm freezes you.
You are frozen.
You resist.
* * * LOW HITPOINT WARNING * * *
The orc priest hits you but does no damage.
The iguana bites you but does no damage.
You hit the orc priest but do no damage.
You hit the iguana. You hit the endoplasm.
You kill the endoplasm!
The orc priest hits you with a +0 mace.
* * * LOW HITPOINT WARNING * * *
The iguana barely misses you.
You barely miss the orc priest. You hit the iguana.
The orc priest hits you but does no damage.
You block the iguana's attack.
You closely miss the orc priest. You barely miss the iguana.
The orc priest barely misses you. The iguana closely misses you.
You hit the orc priest but do no damage.
You headbutt the orc priest.
The orc priest is moderately wounded.
You hit the iguana.
The orc priest mumbles some strange prayers to Beogh against you.
Beogh smites you!
You die...

.# ... ... #..#
...## ###...#
.....####......
......#.#....## #
..............#.#
.................#
.....#.#)...#...#
.....#.##@......#
.......#ol....###+
#o>......##...
#..).........
.......#......##..
.....#.#..$....#....
.......#............
....................
.J...............>..


You could see an iguana and an orc priest.

Vanquished Creatures
  A phantom (D:4)
  A scorpion (D:4)
  An orc wizard (D:4)
  A gnoll (D:1)
  4 adders
  A dart slug (D:1)
  9 orcs
  4 endoplasms
  4 giant cockroaches
  6 goblins
  9 hobgoblins
  3 kobolds
  3 quokkas
  8 ball pythons
  6 bats
  A frilled lizard (D:2)
  8 rats
70 creatures vanquished.

Notes
Turn   | Place    | Note
-------+----------+-------------------------------------------
     0 | D:1      | Babbit the Minotaur Fighter began the quest for the Orb.
     0 | D:1      | Reached XP level 1. HP: 19/19 MP: 0/0
    79 | D:1      | Reached XP level 2. HP: 27/27 MP: 1/1
   445 | D:1      | Reached XP level 3. HP: 30/33 MP: 2/2
   457 | D:1      | Reached skill level 3 in Axes
   948 | D:2      | Reached XP level 4. HP: 35/40 MP: 3/3
  1136 | D:2      | Found a faded altar of an unknown god.
  1246 | D:2      | Found Dyffieps's Weapon Boutique.
  1944 | D:3      | Identified the +7 chain mail of Puipih {rC++ rCorr MP-9}
  2191 | D:4      | Noticed a scorpion
  2198 | D:4      | Killed a scorpion
  2199 | D:4      | Reached skill level 4 in Axes
  2199 | D:4      | Reached XP level 5. HP: 45/47 MP: 0/4
  2213 | D:4      | Reached skill level 5 in Axes
  2226 | D:4      | Noticed a phantom
  2238 | D:4      | Killed a phantom
  2239 | D:4      | Reached XP level 6. HP: 27/53 MP: 0/5
  2245 | D:4      | HP: 1/53 [orc priest/+0 mace (3)]
  2248 | D:4      | Killed from afar by an orc priest

Illustrated notes

Levels and vault maps discovered:
D:1:      reono_arrival_forest_river, layout_rooms, minmay_tall_x
D:2:      layout_loops_ring, hellmonk_ecumenical_altar_leap_of_faith,
          serial_shops, shop
D:3:      layout_loops_ring, kennysheep_pointless_box
D:4:      layout_cave_pools, kennysheep_little_box, serial_park_tiny_2,
          kennysheep_nondescript, uniq_duvessa

Skill      XL: |  1  2  3  4  5 |
---------------+----------------+-----
Armour         | 4 |  4.6
Fighting       | 4 |  4.5
Shields        | 4 |  4.7
Axes           | 3 4 5 |  5.8
Dodging        | |  0.3
Stealth        | |  0.1

Action                     |  1- 3 |  4- 6 || total
---------------------------+-------+-------++-------
  Melee: War axe           |    86 |    64 ||   150
         Headbutt          |    11 |     7 ||    18
    Use: Scroll            |     4 |     1 ||     5
         Potion            |       |     1 ||     1
 Armour: Scale mail        |    12 |       ||    12
         Plate armour      |    47 |    18 ||    65
         Chain mail        |       |    25 ||    25
  Dodge: Dodged            |    21 |    27 ||    48
  Block: Buckler           |    31 |    16 ||    47

Table legend: (Time is in decaauts)
 A = Elapsed time spent in this place.
 B = Non-inter-level travel time spent in this place.
 C = Inter-level travel time spent in this place.
 D = Time resting spent in this place.
 E = Time spent auto-exploring this place.
 F = Levels seen in this place.
 G = Mean time per level.
                   A        B        C        D        E       F      G
               +--------+--------+--------+--------+--------+-----+--------+
         Total |   2302 |   2176 |    126 |    128 |   1615 |   4 |  575.5 |
       Dungeon |   2302 |   2176 |    126 |    128 |   1615 |   4 |  575.5 |
               +--------+--------+--------+--------+--------+-----+--------+

Top non-repeatable levels by time:
     D:2: 836 daAuts
     D:3: 748 daAuts
     D:1: 649 daAuts
     D:4: 68 daAuts
